 Dungeon Crawl Stone Soup version 0.19-a0-904-ga29959e (webtiles) character file.

348 MrRokkomies the Cudgeler (level 6, -3/91 HPs)
             Began as an Ogre Hunter on July 5, 2016.
             Slain by a gnoll
             ... wielding a +0 spear
              (5 damage)
             ... on level 4 of the Dungeon.
             The game lasted 00:09:47 (3543 turns).

MrRokkomies the Cudgeler (Ogre Hunter)              Turns: 3543, Time: 00:09:48

Health: -3/91      AC: 23    Str: 18    XL:     6   Next: 60%
Magic:  6/6        EV:  1    Int: 10    God:
Gold:   128        SH:  0    Dex: 10    Spells: 0 memorised, 5 levels left

rFire  . . .     SeeInvis +     a - +0 flail
rCold  . . .     Gourm    .     (armour currently unavailable)
rNeg   + + +     Faith    .     (no shield)
rPois  +         Spirit   .     (helmet currently unavailable)
rElec  .         Dismiss  .     (cloak currently unavailable)
rCorr  .         Reflect  .     (gloves unavailable)
SustAt .         Harm     .     (boots unavailable)
MR     ++...     NoTele   +     (no amulet)
Stlth  +.........               r - ring of protection from magic
                                k - ring of see invisible

@: tree-form, very resistant to hostile enchantments, very unstealthy
A: unfitting armour, (antennae 0), (talons 0), (iridescent scales 0), blurry
vision 1, clumsy 1, low mp 1, magic resistance 1, (tough skin 0), subdued magic
1
a: no special abilities


You were on level 4 of the Dungeon.
You were hungry.
You were a tree.
You visited 1 branch of the dungeon, and saw 4 of its levels.

You collected 128 gold pieces.

Inventory:

Hand Weapons
 a - a +0 flail (weapon)
Armour
 b - a +0 robe (melded)
 q - a +2 hat (melded)
 u - a +1 cloak of invisibility (melded)
Jewellery
 k - a ring of see invisible (left branch)
 m - an uncursed ring of positive energy
 r - a ring of protection from magic (right branch)
Scrolls
 n - a scroll of enchant armour {unknown}
 o - a scroll of enchant weapon
 s - a scroll of fog
 x - a scroll of noise {unknown}
 y - a scroll of identify
Potions
 e - 2 potions of curing
 g - a potion of brilliance {unknown}
 i - a potion of ambrosia {unknown}
 p - a potion of might {unknown}
 t - a potion of agility {unknown}
 w - a potion of magic {unknown}
Comestibles
 f - 4 bread rations
 h - 2 slices of pizza
 j - a meat ration
 z - 7 chunks of flesh
 A - a royal jelly


   Skills:
 - Level 3.0 Fighting
 * Level 6.0 Maces & Flails
 - Level 5.0 Throwing
 - Level 1.7 Dodging
 - Level 0.7 Stealth
 * Level 2.2 Evocations


You had 5 spell levels left.
You didn't know any spells.

Dungeon Overview and Level Annotations

Branches:
Dungeon (4/15)
 Temple: D:4-7

Altars:

Shops:
D:4 :


Innate Abilities, Weirdness & Mutations

You are too large for most types of armour.
((You have tough skin. (AC +1)))
((You have a pair of small antennae on your head.))
((You have sharp toenails.))
((You are partially covered in iridescent scales. (AC +4)))
Scrolls take you a little longer to read.
You are clumsy. (Dex -2)
Your magical capacity is low. (-10% MP)
You are resistant to hostile enchantments. (MR+)
Your spells are a little easier to cast, but a little less powerful.


Message History

The ogre is severely wounded.
The gnoll hits you from afar with a spear.
* * * LOW HITPOINT WARNING * * *
The ogre hits you with a giant spiked club.
* * * LOW HITPOINT WARNING * * *
You hit the ogre.
The ogre is almost dead.
The gnoll hits you but does no damage.
You thump the ogre!
You kill the ogre!
Your Maces & Flails skill increases to level 6!
Your Evocations skill increases to level 2!
The gnoll hits you but does no damage.
You cannot move.
Really read with blurry vision while enemies are nearby?
The gnoll hits you from afar with a spear.
* * * LOW HITPOINT WARNING * * *
You begin reading the scroll.
You continue reading the scroll.
The gnoll hits you from afar with a spear.
You die...

#....#.....#.....#
##..#########....#
###..###...(#######
#...........##.
#...........#.
#...........'
#..........g#
####+##..##)#
######7####+##..
........)†....)..
.................
.#(...........(>.
\...###...####...
.#.. ##### ## ...
#.


You could see a gnoll.

Vanquished Creatures
  An ogre (D:4)
  Crazy Yiuf (D:2)
  An orc priest (D:4)
  An orc wizard (D:4)
  5 adders
  6 gnolls
  An ooze (D:2)
  3 worms
  2 dart slugs
  9 orcs
  3 giant cockroaches (D:2)
  A hobgoblin (D:2)
  3 quokkas (D:2)
  2 ball pythons
  3 bats
  3 giant newts
  5 goblins
  7 kobolds
  8 rats
65 creatures vanquished.

Vanquished Creatures (others)
  An orc (D:3)
1 creature vanquished.

Grand Total: 66 creatures vanquished

Notes
Turn   | Place    | Note
-------+----------+-------------------------------------------
     0 | D:1      | MrRokkomies the Ogre Hunter began the quest for the Orb.
     0 | D:1      | Reached XP level 1. HP: 22/22 MP: 1/1
  1068 | D:1      | Reached skill level 1 in Maces & Flails
  1120 | D:2      | Reached XP level 2. HP: 31/31 MP: 2/2
  1160 | D:2      | Reached skill level 2 in Maces & Flails
  1258 | D:2      | Reached XP level 3. HP: 18/37 MP: 3/3
  1632 | D:2      | Gained mutation: You have sharp toenails. [potion of mutation]
  1632 | D:2      | Gained mutation: Your spells are a little easier to cast, but a little less powerful. [potion of mutation]
  1632 | D:2      | Gained mutation: Your magical capacity is low. (-10% MP) [potion of mutation]
  1633 | D:2      | Gained mutation: You have a pair of small antennae on your head. [potion of mutation]
  1633 | D:2      | Gained mutation: You are clumsy. (Dex -2) [potion of mutation]
  1633 | D:2      | Gained mutation: You are resistant to hostile enchantments. (MR+) [potion of mutation]
  1852 | D:2      | Reached skill level 3 in Maces & Flails
  2070 | D:2      | Found a runed door.
  2074 | D:2      | Noticed Crazy Yiuf
  2081 | D:2      | Killed Crazy Yiuf
  2081 | D:2      | Reached XP level 4. HP: 14/45 MP: 1/3
  2455 | D:3      | Reached skill level 4 in Maces & Flails
  2474 | D:3      | Reached skill level 5 in Throwing
  2474 | D:3      | Reached XP level 5. HP: 20/53 MP: 4/4
  3216 | D:3      | Reached skill level 1 in Evocations
  3244 | D:4      | Reached skill level 5 in Maces & Flails
  3370 | D:4      | Gained mutation: Scrolls take you a little longer to read. [potion of mutation]
  3370 | D:4      | Gained mutation: You are partially covered in iridescent scales. (AC +4) [potion of mutation]
  3415 | D:4      | Reached XP level 6. HP: 46/61 MP: 6/6
  3459 | D:4      | Found Plog's Book Boutique.
  3541 | D:4      | Reached skill level 6 in Maces & Flails
  3542 | D:4      | HP: 2/91 [gnoll/spear (5)]
  3543 | D:4      | Slain by a gnoll

Vault maps used:
D:1:      eino_arrival_water_cross
D:2:      minmay_tromino_v2, uniq_crazy_yiuf_cottage
D:4:      zin_treasury, serial_shops, nicolae_shop_crystal, minmay_bent,
          uniq_grinder

Skill      XL: |  1  2  3  4  5  6 |
---------------+-------------------+-----
Fighting       | 3 |  3.0
Maces & Flails | 1 2 3 4 5 6 |  6.0
Throwing       | 5 |  5.0
Evocations     | 1 2 |  2.2
Dodging        | |  1.7
Stealth        | |  0.7

Action                   |  1- 3 |  4- 6 || total
-------------------------+-------+-------++-------
Melee: Whip              |    19 |       ||    19
       Short sword       |     9 |       ||     9
       Mace              |    74 |    76 ||   150
       Kick              |     4 |    45 ||    49
       Flail             |       |    86 ||    86
Throw: Large rock        |     5 |    10 ||    15
       Throwing net      |     1 |     2 ||     3
  Use: Scroll            |     7 |     4 ||    11
       Potion            |     2 |     4 ||     6
 Stab: Sleeping          |     1 |     1 ||     2
  Eat: Chunk             |     4 |     4 ||     8
Armor: Robe              |    39 |    65 ||   104
       Skin              |       |    34 ||    34
Dodge: Dodged            |    71 |   108 ||   179
